AoeStats
← persephone9

Black Forest

503180905Analyzed
3v3 RM · 1mo ago on Aug 30, 2026· 32m 23s· 6 players
Game mode
Random Map
Map size
Normal (6 player)
Population
200
Speed
Normal
Resources
Standard
Victory
Conquest
Starting age
Dark Age
Ending age
Imperial Age
RankedLock teamsTeams togetherTeam positionsShared explorationLock speedFull tech treeHidden civsTurbo modeCheats
Victory
Defeat
🇵🇪 Burmese · Peru
874
+13
🇵🇪 Teutons · Peru
786
+17
🇵🇪 Persians · Peru
785
+17
🇦🇷 Persians · Argentina
840
-17
🇺🇸 Bohemians · United States
811
-16
🇺🇦 Teutons · Ukraine
780
-17
Lucas_lupo
0:29 Loom
13:04 Feudal Age
13:59 Double-Bit Axe
21:45 Castle Age
19:54 Horse Collar
21:20 Bloodlines
22:46 Husbandry
24:42 Wheelbarrow
persephone9
0:47 Loom
14:46 Feudal Age
15:19 Town Watch
22:45 Horse Collar
25:25 Castle Age
24:01 Double-Bit Axe
24:38 Fletching
27:27 Fervor
Deman501
14:54 Feudal Age
26:18 Castle Age
25:01 Double-Bit Axe
25:10 Stone Mining
25:12 Gold Mining
25:24 Horse Collar
25:58 Loom
26:53 Wheelbarrow
29:00 Forging
Abel Huamaní
0:38 Loom
13:30 Feudal Age
15:21 Double-Bit Axe
15:22 Horse Collar
22:56 Castle Age
Blei Blei
1:23 Loom
13:53 Feudal Age
20:54 Castle Age
25:06 Wheelbarrow
25:08 Fishing Lines
32:28 Ballistics
Fuck THIS
0:39 Loom
14:46 Feudal Age
19:03 Castle Age
17:14 Scale Barding Armor
23:39 Chain Barding Armor
25:44 Forging
Connection lost

Rejoining the realm…

Still unreachable

The connection could not be restored.

Session expired

The server has moved on; the page needs a fresh start.